 Dungeon Crawl Stone Soup version 0.29.1 (webtiles) character file.

Game seed: 648971213441637632

197 qw the Chopper (level 5, -3/33 HPs)
             Began as a Gargoyle Fighter on Sept 13, 2022.
             Slain by an iguana (6 damage)
             ... on level 4 of the Dungeon.
             The game lasted 00:01:01 (3176 turns).

qw the Chopper (Gargoyle Fighter)                   Turns: 3176, Time: 00:01:01

Health: -3/33      AC: 17    Str: 21    XL:     5   Next: 75%
Magic:  5/5        EV:  7    Int:  9    God:
Gold:   195        SH:  4    Dex:  9    Spells: 4/4 levels left

rFire   . . .      SeeInvis .   Y - +0 war axe
rCold   . . .      Faith    .   c - +0 buckler
rNeg    + . .      Spirit   .   a - +0 chain mail
rPois   inf        Reflect  .   (no helmet)
rElec   +          Harm     .   (no cloak)
rCorr   .          Rampage  .   (no gloves)
Will    +....                   (no boots)
Stlth   ..........              (no amulet)
HPRegen 0.11/turn               f - +4 ring of protection
MPRegen 0.09/turn               h - ring of willpower

@: about to teleport
A: sickness immunity, AC +4, negative energy resistance 1, electricity
resistance, torment resistance 1, petrification resistance
a: no special abilities


You were on level 4 of the Dungeon.
You visited 1 branch of the dungeon, and saw 4 of its levels.

You collected 195 gold pieces.


Innate Abilities, Weirdness & Mutations

You are immune to sickness and miasma.
Your stone body is resilient. (AC +4)
You are immune to poison.
You resist negative energy. (rN+)
You are resistant to electric shocks. (rElec)
You are resistant to unholy torment.
You are immune to petrification.


   Skills:
 + Level 3.9 Fighting
 - Level 5.0 Axes
 - Level 3.2 Armour
 - Level 3.2 Shields


You had 4 spell levels left.
You didn't know any spells.
Your spell library was empty.

Inventory:

Hand Weapons
 k - a +0 whip
 Y - a +0 war axe (weapon)
Armour
 a - a +0 chain mail (worn)
 c - a +0 buckler (worn)
Jewellery
 f - a +4 ring of protection (left hand)
 h - a ring of willpower (right hand)
Scrolls
 b - a scroll of identify
 g - a scroll of teleportation
 m - a scroll of blinking
Potions
 d - a potion of might
 e - a potion of attraction
 i - 2 potions of curing
 j - a potion of cancellation {unknown}

Dungeon Overview and Level Annotations

Branches:
Dungeon (4/15)
 Temple: D:4-7

Altars:

Shops:
D:3 :


Message History

The adder barely misses you. The adder bites you but does no damage.
You block the gnoll's attack.
An orc comes into view. It is wielding a +0 dagger.
You slash the adder!
You kill the adder!
You hit the iguana. You closely miss the adder. The adder barely misses you.
You block the iguana's attack.
A gnoll comes into view. It is wielding a +0 spear.
The gnoll closely misses you. You block the gnoll's attack.
The adder completely misses you.
You hit the iguana but do no damage.
The iguana is lightly wounded.
You closely miss the adder.
An orc comes into view. It is wielding a +0 club.
You block the adder's attack.
The iguana bites you but does no damage.
The gnoll hits you but does no damage. x2
The iguana bites you but does no damage.
The gnoll hits you but does no damage. You block the gnoll's attack.
The adder bites you.
The orc moves out of view.
You barely miss the iguana.
The iguana is lightly wounded.
You barely miss the adder. You block the adder's attack.
The gnoll completely misses you.
An orc comes into view. It is wielding a +0 dagger.
The iguana bites you but does no damage.
The gnoll hits you but does no damage.
You closely miss the iguana.
The iguana is lightly wounded.
You hit the gnoll. You miss the adder. The adder bites you.
The iguana bites you.
The gnoll hits you from afar with a +0 spear.
The gnoll hits you with a +0 flail!
The gnoll hits you from afar with a +0 halberd!
The adder bites you but does no damage.
3176 ||| READING 2 scrolls of teleportation.
As you read the scroll of teleportation, it crumbles to dust.
You feel strangely unstable. The adder bites you but does no damage.
The iguana bites you.
You die...

##########
#........###
##.###.##...##
###
........###..#
....
.###.##..###.###
.)... ......#.##
#...###...#.#
##.##...#
###..@l......
....#.#.#
#..Sg...#.#
%##...#..#
#.og.g..#
..#.#.#.##
#.g.....#
#...#...#
#......o..
..#.#.#.#
#.......#.#
.##...#..#
#?..o......
....#.#.#.
#.........
##.##...
#........


You could see an iguana, 4 gnolls, an adder and 3 orcs.

Vanquished Creatures
  A hound (D:4)
  Natasha (thrice) (D:2)
  4 adders
  A worm (D:3)
  A dart slug (D:2)
  4 ball pythons
  7 endoplasms
  3 giant cockroaches
  3 goblins
  6 hobgoblins
  6 kobolds
  4 quokkas
  3 bats
  3 frilled lizards
  6 rats
55 creatures vanquished.

Vanquished Creatures (others)
  2 fungi
2 creatures vanquished.

Grand Total: 57 creatures vanquished

Notes
Turn   | Place    | Note
-------+----------+-------------------------------------------
     0 | D:1      | qw the Gargoyle Fighter began the quest for the Orb.
     0 | D:1      | Reached XP level 1. HP: 14/14 MP: 1/1
     0 | D:1      | 0 ||| qw: Version: 0.1-a-119-g272c26d
     0 | D:1      | 0 ||| qw: Game counter: 11156
     0 | D:1      | 0 ||| qw: Always use a shield: true
     0 | D:1      | 0 ||| qw: God list: Okawaru
     0 | D:1      | 0 ||| qw: Allow faded altars: false
     0 | D:1      | 0 ||| qw: Do Orc after D:15 true
     0 | D:1      | 0 ||| qw: Do second Lair branch before Depths: true
     0 | D:1      | 0 ||| qw: Lair rune preference: random
     0 | D:1      | 0 ||| qw: Plans: Normal, Zot, God:TSO, Crypt, Tomb, Pan,
                  | Slime, Hells, Zig, Abyss, Orb
     0 | D:1      | 0 ||| PLANNING D:1-11
    67 | D:1      | Reached skill level 2 in Axes
   141 | D:1      | Found a faded altar of an unknown god.
   201 | D:1      | Reached XP level 2. HP: 14/19 MP: 2/2
   860 | D:1      | 860 ||| DROPPING ring of magical power.
   861 | D:1      | 861 ||| READING scroll labelled TEIS VATORIPLA.
   862 | D:1      | 862 ||| READING scroll labelled HEOLEBL ASSO.
   863 | D:1      | 863 ||| READING 2 scrolls labelled TAGUVE AGEL.
   866 | D:1      | 866 ||| READING scroll labelled HUUNON URAOD.
   867 | D:1      | 867 ||| READING scroll labelled RUPSIA FAGGE.
   868 | D:1      | 868 ||| READING scroll labelled MATUNT WOATHRU.
   906 | D:2      | 906 ||| Stepping ~*~*~tactically~*~*~ (stealth).
   946 | D:2      | 946 ||| FLEEEEING.
   947 | D:2      | 947 ||| FLEEEEING.
   948 | D:2      | 948 ||| FLEEEEING.
   949 | D:2      | 949 ||| FLEEEEING.
   950 | D:2      | 950 ||| STAIRDANCE
   975 | D:2      | Reached skill level 3 in Axes
  1020 | D:2      | Reached XP level 3. HP: 21/23 MP: 3/3
  1324 | D:2      | Noticed Natasha
  1333 | D:2      | Killed Natasha
  1334 | D:2      | Reached XP level 4. HP: 23/28 MP: 4/4
  1362 | D:2      | Noticed Natasha
  1402 | D:2      | 1402 ||| FLEEEEING.
  1403 | D:2      | 1403 ||| FLEEEEING.
  1404 | D:2      | 1404 ||| FLEEEEING.
  1405 | D:2      | 1405 ||| FLEEEEING.
  1406 | D:2      | 1406 ||| FLEEEEING.
  1407 | D:2      | 1407 ||| FLEEEEING.
  1408 | D:2      | 1408 ||| FLEEEEING.
  1409 | D:2      | 1409 ||| FLEEEEING.
  1410 | D:2      | 1410 ||| FLEEEEING.
  1411 | D:2      | 1411 ||| FLEEEEING.
  1412 | D:2      | 1412 ||| FLEEEEING.
  1413 | D:2      | 1413 ||| STAIRDANCE
  1621 | D:1      | 1621 ||| UPGRADING to +0 chain mail.
  1631 | D:1      | 1631 ||| DROPPING +0 scale mail.
  1634 | D:2      | 1634 ||| Stepping ~*~*~tactically~*~*~ (hiding).
  1644 | D:2      | Killed Natasha
  1645 | D:2      | Reached skill level 4 in Axes
  1645 | D:2      | 1645 ||| STAIRDANCE
  1833 | D:2      | Noticed Natasha
  1843 | D:2      | Killed Natasha
  1844 | D:2      | Reached XP level 5. HP: 19/32 MP: 5/5
  2211 | D:2      | 2211 ||| UPGRADING to +4 ring of protection.
  2212 | D:2      | 2212 ||| UPGRADING to ring of willpower.
  2213 | D:2      | 2213 ||| DRINKING 2 bubbling green potions.
  2214 | D:2      | 2214 ||| READING 2 scrolls of identify.
  2214 | D:2      | 2214 ||| IDENTIFYING fizzy emerald potion
  2215 | D:2      | 2215 ||| DROPPING potion of berserk rage.
  2216 | D:2      | 2216 ||| DROPPING potion of brilliance.
  2296 | D:3      | 2296 ||| Stepping ~*~*~tactically~*~*~ (stealth).
  2298 | D:3      | 2298 ||| Stepping ~*~*~tactically~*~*~ (stealth).
  2573 | D:3      | 2573 ||| DROPPING +0 club.
  2817 | D:3      | Found Quont's Book Shoppe.
  3033 | D:3      | 3033 ||| READING scroll labelled OREM CYQOOM.
  3034 | D:3      | 3034 ||| READING scroll labelled EGAFIA UTZIO.
  3035 | D:3      | 3035 ||| READING 2 scrolls labelled LARIKE LILI.
  3036 | D:3      | 3036 ||| READING scroll labelled AXURA CO SIPHABAA.
  3037 | D:3      | 3037 ||| DRINKING 3 pink potions.
  3038 | D:3      | 3038 ||| READING 2 scrolls of identify.
  3038 | D:3      | 3038 ||| IDENTIFYING red potion
  3064 | D:4      | Identified the +5 battleaxe "Jeohecsuiq" {vorpal, rC+}
  3075 | D:4      | Reached skill level 5 in Axes
  3175 | D:4      | HP: 3/33 [gnoll/+0 halberd (7)]
  3176 | D:4      | 3176 ||| READING 2 scrolls of teleportation.
  3176 | D:4      | Slain by an iguana

Levels and vault maps discovered:
D:1:      dreamdust_arrival_sigmund_warning, layout_loops_ring,
          shapermc_ecumenical_altar_mp_urbaneastern, minmay_misc_feat_ornament,
          kennysheep_another_room, due_unseen_surprise
D:2:      layout_basic, kennysheep_generic_room_11, uniq_natasha,
          uniq_crazy_yiuf_cottage
D:3:      layout_basic, serial_shops, shop
D:4:      layout_rooms, grunt_temple_overflow_forces_of_nature,
          lemuel_mausoleum_altar_kikubaaqudgha, temple_statues,
          nicolae_concentric_dashed_squares_mild, dk_noncrumbling_3,
          minmay_surrounded

Skill      XL: |  1  2  3  4  5 |
---------------+----------------+-----
Axes           | 2 3 4 5 |  5.0
Fighting       | |  3.9
Armour         | |  3.2
Shields        | |  3.2

Action                   |  1- 3 |  4- 6 || total
-------------------------+-------+-------++-------
Melee: War axe           |    76 |    81 ||   157
  Use: Scroll            |     6 |     7 ||    13
       Potion            |       |     2 ||     2
Armor: Scale mail        |    43 |     2 ||    45
       Chain mail        |       |    51 ||    51
Dodge: Dodged            |    33 |    24 ||    57
Block: Buckler           |    18 |    20 ||    38

Table legend:
 A = Non-vault XP
 B = Vault XP
 C = Vault XP percentage of total XP
 D = Non-vault monster count
 E = Vault monster count
 F = Vault count percentage of total count
                 A         B        C        D         E       F
            +---------+---------+-------+---------+---------+-------
      Total |     229 |      53 |  18.8 |      51 |       4 |   7.3
            +---------+---------+-------+---------+---------+-------
        D:1 |      23 |       0 |   0.0 |      14 |       0 |   0.0
        D:2 |     111 |      39 |  26.0 |      18 |       3 |  14.3
        D:3 |      39 |       0 |   0.0 |      15 |       0 |   0.0
        D:4 |      56 |      14 |  20.0 |       4 |       1 |  20.0
            +---------+---------+-------+---------+---------+-------
